 Dungeon Crawl Stone Soup version 0.30-a0-719-gcc4359ea44 (webtiles) character file.

Game seed: 17593911120703419826

24 Darius099 the Ruffian (level 2, -5/29 HPs)
             Began as a Troll Monk on Jan 27, 2023.
             Slain by a gnoll
             ... wielding a +0 flail of protection
              (10 damage)
             ... on level 2 of the Dungeon.
             The game lasted 00:00:58 (721 turns).

Darius099 the Ruffian (Troll Monk)                   Turns: 721, Time: 00:00:58

Health: -5/29      AC:  4    Str: 18    XL:     2   Next: 79%
Magic:  1/1        EV: 10    Int:  6    God:
Gold:   83         SH:  0    Dex: 12    Spells: 1/1 levels left

rFire   . . .      SeeInvis .      - Unarmed
rCold   . . .      Faith    .    (no shield)
rNeg    . . .      Spirit   .    a - +0 robe
rPois   .          Reflect  .    (helmet restricted)
rElec   .          Harm     .    (no cloak)
rCorr   .          Rampage  .    (gloves unavailable)
Will    .....                    (boots unavailable)
Stlth   ++                       (no amulet)
HPRegen 1.04/turn                (no ring)
MPRegen 0.07/turn                (no ring)

@: no status effects
A: large, unfitting armour, claws 3, regeneration 1, shaggy fur 1, tough skin 1
a: no special abilities


You were on level 2 of the Dungeon.
You visited 1 branch of the dungeon, and saw 2 of its levels.

You collected 83 gold pieces.

Inventory:

Armour
 a - a +0 robe (worn)
Scrolls
 c - 2 scrolls of identify {unknown}
 e - a scroll of fear {unknown}
 g - a scroll of blinking {unknown}
 j - a scroll of teleportation {unknown}
 k - 3 scrolls of amnesia {unknown}
 l - a scroll of fog {unknown}
 n - a scroll of silence {unknown}
 o - a scroll of vulnerability {unknown}
 p - a scroll of poison {unknown}
Potions
 b - a potion of ambrosia
 d - a potion of invisibility {unknown}
 f - a potion of degeneration {unknown}
 h - a potion of mutation {unknown}
 i - a potion of heal wounds {unknown}
 m - a potion of resistance {unknown}
 q - a potion of haste {unknown}


   Skills:
 - Level 2.4 Fighting
 - Level 2.4 Dodging
 - Level 1.0 Stealth
 + Level 4.1 Unarmed Combat


You had one spell level left.
You didn't know any spells.
Your spell library contained the following spells:

 Spells                   Type           Power      Damage    Failure   Level
 Magic Dart               Conj           0%         1d3       45%         1
 Call Imp                 Summ           0%         N/A       58%         2
 Mephitic Cloud           Conj/Pois/Air  0%         N/A       83%         3


Dungeon Overview and Level Annotations

Branches:
Dungeon (2/15)

Altars:


Innate Abilities, Weirdness & Mutations

You are too large for most types of armour.
You have claws for hands.
Your natural rate of healing is unusually fast.
You are covered in fur. (AC +1)
You have tough skin. (AC +1)


Message History

Found an escape hatch in the ceiling.
Found a mace and 5 stones.
There is an escape hatch in the ceiling here.
q - a coppery potion
Found a stone staircase leading down.
Found a stone staircase leading down.
No target in view!
An adder and a frilled lizard come into view.
The adder hisses angrily.
The frilled lizard hisses angrily.
There are monsters nearby!
Found a faded altar of an unknown god.
A gnoll comes into view.
It is wielding a +0 flail of protection.
A gnoll comes into view. It is wielding a +0 halberd.
The gnoll shouts!
You hear a shout!
A gnoll comes into view. It is wielding a +0 whip.
The gnoll shouts!
Found 14 gold pieces.
A gnoll comes into view. It is wielding a +0 spear.
The gnoll shouts!
You hear a shout!
The gnoll hits you with a +0 whip.
You scratch the gnoll.
The gnoll is moderately wounded.
You scratch the gnoll.
The gnoll is heavily wounded.
The gnoll throws a throwing net.
The throwing net barely misses you. The gnoll hits you with a +0 whip.
You scratch the gnoll.
The gnoll is severely wounded.
The gnoll hits you with a +0 flail of protection!
The gnoll hits you with a +0 whip.
You are too injured to fight recklessly!
You are too injured to fight recklessly!
You are too injured to fight recklessly!
You are too injured to fight recklessly!
You are too injured to fight recklessly!
The gnoll attacks as you move away! The gnoll hits you with a +0 whip.
* * * LOW HITPOINT WARNING * * *
The frilled lizard barely misses you.
The gnoll hits you with a +0 flail of protection!
You die...

#..##.##.#
##.#.≈.≈§#..
####§#..≈.≈..#..
#...#§§§≈.≈§≈§#.
#..#.§§§≈≈§.≈§.
##l#...≈≈_≈≈...
#.#...§≈.≈≈g
#.#Sg.≈.≈.≈§
#.#@g≈.≈.≈.§
##l#≈g≈..g§
##..≈.....
#.#..... #.#####
#.. ###


You could see 4 gnolls, an adder and a frilled lizard.

Vanquished Creatures
  2 endoplasms (D:1)
  A giant cockroach (D:2)
  3 goblins
  2 hobgoblins (D:1)
  3 jackals (D:1)
  2 quokkas
  A ball python (D:1)
  A bat (D:1)
  2 frilled lizards
  5 rats
22 creatures vanquished.

Notes
Turn   | Place    | Note
-------+----------+-------------------------------------------
     0 | D:1      | Darius099 the Troll Monk began the quest for the Orb.
     0 | D:1      | Reached XP level 1. HP: 22/22 MP: 0/0
   235 | D:1      | Reached XP level 2. HP: 29/29 MP: 1/1
   558 | D:2      | Reached skill level 4 in Unarmed Combat
   705 | D:2      | Found a faded altar of an unknown god.
   721 | D:2      | Slain by a gnoll

Illustrated notes

Levels and vault maps discovered:
D:1:      dpeg_arrival_snail, layout_basic
D:2:      layout_loops_ring, shapermc_ecumenical_altar_starsandcircs,
          minmay_domino_4

Skill      XL: |  1  2 |
---------------+-------+-----
Unarmed Combat | 4 |  4.1
Fighting       | |  2.4
Dodging        | |  2.4
Stealth        | |  1.0

Action                     || total
---------------------------++-------
  Melee: Unarmed           ||    58
         Punch             ||     1
   Stab: Sleeping          ||     1
 Armour: Robe              ||    20
  Dodge: Dodged            ||    22

Table legend: (Time is in decaauts)
 A = Elapsed time spent in this place.
 B = Non-inter-level travel time spent in this place.
 C = Inter-level travel time spent in this place.
 D = Time resting spent in this place.
 E = Time spent auto-exploring this place.
 F = Levels seen in this place.
 G = Mean time per level.
                   A        B        C        D        E       F      G
               +--------+--------+--------+--------+--------+-----+--------+
         Total |    717 |    697 |     20 |      0 |    528 |   2 |  358.5 |
       Dungeon |    717 |    697 |     20 |      0 |    528 |   2 |  358.5 |
               +--------+--------+--------+--------+--------+-----+--------+

Top non-repeatable levels by time:
     D:1: 545 daAuts
     D:2: 172 daAuts
